Map: Prion Terraces

Players

SticklerMac - Winner!

  • Race: Zerg Zerg
  • League: Platinum

Goldarrak

  • Race: Protoss Protoss
  • League: Silver

VOD

Have the link to the VOD?

Description

Time

  • Played on: Nov. 15, 2015, 7:15 p.m.
  • Length: 12:49
Show
View Real Time Build Order
Export as new Build Order

SticklerMac Zerg - Winner!

Build Orders: Hatch First 

Get SALT Encoding   

  12  0:01  Drone  
  13  0:12  Overlord  
  13  0:17  Drone  
  14  0:30  Drone  
  15  0:36  Drone  
  16  0:45  Drone  
  17  0:54  Hatchery  
  16  0:58  Drone  
  16  1:02  Extractor  
  16  1:08  Drone  
  17  1:16  Spawning Pool  
  16  1:19  Drone  
  17  1:29  Drone  
  18  1:39  Drone  
  19  1:50  Overlord  
  19  2:02  Metabolic Boost  
  19  2:04  Drone, Queen  
  19  2:08  Queen  
  22  2:12  Drone  
  22  2:15  Drone  
  26  2:20  Drone  
  26  2:21  Drone  
  28  2:39  Roach Warren, Drone x2  
  28  2:43  Drone  
  30  2:52  Drone x2  
  30  2:54  Drone  
  33  3:00  Overlord  
  33  3:06  Drone  
  34  3:18  Drone x5  
  34  3:19  Drone x2  
  41  3:21  Drone  
  41  3:24  Drone  
  43  3:32  Overlord  
  43  3:37  Overlord  
  43  3:42  Extractor, Queen  
  44  3:50  Overlord x2, Queen  
  46  4:04  Drone  
  46  4:07  Drone x3  
  46  4:08  Drone  
  51  4:10  Roach  
  51  4:11  Extractor  
  52  4:20  Evolution Chamber  
  51  4:34  Roach x6  
  63  4:39  Roach  
  65  4:50  Roach x2  
  65  4:51  Hatchery  
  63  5:02  Zergling x4  
  63  5:03  Zergling x8  
  63  5:17  Drone x3  
  63  5:18  Drone  
  63  5:23  Drone  
  64  5:28  Burrow  
  64  5:29  Queen  
  65  5:40  Roach  
  65  5:41  Overlord  
  65  5:42  Overlord x4  
  66  5:53  Overlord x2  
  66  6:01  Drone  
  66  6:02  Ravager x2  
  66  6:03  Ravager x4  
  73  6:04  Ravager  
  74  6:11  Queen  
  76  6:29  Roach x6  
  88  6:40  Drone x4  
  88  6:41  Drone, Extractor  
  91  6:59  Roach x2  
  91  7:00  Roach x2  
  99  7:03  Drone x2  
  99  7:04  Drone  
  99  7:07  Drone  
  103  7:13  Drone x2  
  103  7:14  Drone  
  103  7:15  Drone  
  107  7:21  Drone  
  107  7:22  Drone  
  109  7:23  Drone  
  110  7:44  Roach  
  110  7:45  Roach x6  
  110  7:46  Roach  
  126  7:54  Overlord x3  
  126  7:57  Ravager x3  
  126  7:58  Ravager  
  130  8:01  Overlord  
  127  8:42  Overlord x4  
  127  8:43  Overlord  
  127  8:46  Pneumatized Carapace  
  129  8:48  Roach  
  129  8:49  Roach x14  
  157  8:56  Lair  
  157  9:15  Roach  
  157  9:16  Roach x9  
  176  9:34  Roach x4  
  176  9:35  Roach x3  
  190  10:03  Ravager  
  190  10:04  Ravager x2  
  190  10:06  Roach x3  
  199  10:08  Zergling x2  
  145  11:06  Roach x14  
  145  11:07  Roach x8  
  189  11:32  Roach x5  
  180  12:03  Roach  
  180  12:04  Roach x8  
  198  12:19  Drone x2  
  200  12:24  Hatchery x2  
Show
View Real Time Build Order
Export as new Build Order

Goldarrak Protoss 

Build Orders: 1 Gate Expand 

Get SALT Encoding   

  12  0:02  Probe (Chrono Boost)  
  13  0:12  Probe (Chrono Boost)  
  14  0:18  Pylon  
  14  0:23  Probe (Chrono Boost)  
  15  0:36  Probe (Chrono Boost)  
  15  0:40  Gateway  
  16  0:46  Probe (Chrono Boost)  
  17  0:53  Assimilator  
  17  1:15  Probe (Chrono Boost), Nexus  
  18  1:30  Cybernetics Core  
  18  1:34  Probe (Chrono Boost)  
  19  1:45  Probe (Chrono Boost)  
  20  1:55  Pylon  
  20  1:56  Probe (Chrono Boost)  
  20  1:59  Zealot (Chrono Boost)  
  23  2:07  Warp Gate (Chrono Boost)  
  23  2:13  Probe  
  24  2:20  Assimilator  
  24  2:26  Probe (Chrono Boost)  
  24  2:29  Probe (Chrono Boost)  
  26  2:38  Mothership Core (Chrono Boost)  
  28  2:53  Stalker (Chrono Boost)  
  30  3:03  Gateway x2  
  30  3:05  Gateway  
  30  3:06  Pylon  
  30  3:08  Probe  
  30  3:10  Probe  
  32  3:20  Probe x2  
  34  3:33  Probe x2  
  34  3:34  Robotics Facility  
  35  3:46  Probe  
  36  3:51  Probe  
  37  3:56  Assimilator  
  37  3:58  Probe  
  37  4:00  Assimilator  
  38  4:07  Adept x4  
  46  4:10  Probe  
  46  4:11  Probe  
  46  4:15  Pylon  
  48  4:24  Probe  
  48  4:26  Probe  
  50  4:37  Immortal (Chrono Boost)  
  54  4:45  Forge  
  54  4:48  Pylon  
  52  5:20  Probe  
  50  5:21  Probe  
  50  5:28  Immortal (Chrono Boost)  
  54  5:30  Adept x4  
  54  5:33  Protoss Ground Weapons Level 1 (Chrono Boost)  
  62  5:41  Pylon  
  60  5:44  Pylon  
  60  5:48  Probe  
  60  5:49  Probe  
  62  5:56  Gateway  
  62  6:04  Stalker x2  
  62  6:05  Stalker x2  
  62  6:08  Twilight Council  
  70  6:31  Sentry x2  
  70  6:32  Stalker x2  
  78  6:38  Gateway  
  78  6:40  Gateway  
  78  6:44  Probe  
  78  6:45  Probe  
  80  6:47  Pylon  
  80  6:51  Pylon  
  78  7:03  Probe  
  78  7:05  Probe  
  80  7:09  Protoss Ground Weapons Level 2 (Chrono Boost)  
  80  7:11  Stalker x4  
  88  7:22  Blink (Chrono Boost)  
  88  7:43  Sentry  
  90  7:44  Stalker  
  92  7:57  Observer (Chrono Boost)  
  93  7:59  Nexus  
  93  8:11  Pylon  
  93  8:13  Pylon  
  93  8:15  Pylon  
  93  8:19  Assimilator  
  93  8:23  Assimilator  
  93  8:29  Templar Archives  
  93  8:37  Warp Prism (Chrono Boost)  
  89  8:44  Stalker x4  
  89  8:45  Stalker x2  
  101  8:57  Robotics Bay  
  101  9:12  Probe  
  101  9:13  Probe x2  
  101  9:14  Immortal  
  104  9:21  High Templar  
  104  9:22  High Templar x4  
  104  9:23  Protoss Ground Armor Level 1 (Chrono Boost)  
  118  9:35  Psionic Storm  
  118  9:57  Probe  
  118  9:58  Probe x2  
  121  10:02  Stalker x5  
  121  10:03  Stalker  
  133  10:10  Probe  
  108  10:47  High Templar x4  
  108  10:48  High Templar  
  85  11:03  High Templar  
  74  11:12  Mothership Core  
  55  11:28  Zealot x5  
  55  11:29  Zealot  
  49  12:10  Zealot  
  49  12:11  Zealot x2  
  55  12:15  Pylon  
  55  12:18  Pylon  
  55  12:43  Archon  
Tags
 
Add a new tag
Caveats
  • Supply blocks, unpowered buildings, or Contaminate may cause inaccurate times.
  • Supply counts are checked every 10 seconds.